 Dungeon Crawl Stone Soup version 0.31.0-11-ge490571c62 (webtiles) character file.

Game seed: 13943501480566725226

2503 Fodor the Cruncher (level 9, -1/69 (75) HPs)
             Began as a Minotaur Fighter on Jan 30, 2024.
             Was an Initiate of Gozag.
             Slain by a wight
             ... wielding a +3 halberd of freezing
              (3 damage)
             ... on level 7 of the Dungeon.
             The game lasted 00:31:29 (5852 turns).

Fodor the Cruncher (Minotaur Fighter)               Turns: 5852, Time: 00:31:30

HP:   -1/69 (75)    AC: 14    Str: 22    XL:     9   Next: 28%
MP:   8/8           EV: 12    Int:  7    God:    Gozag
Gold: 461           SH:  0    Dex: 11    Spells: 8/8 levels left

rFire   . . .        r - +3 quarterstaff (chaos)
rCold   + . .        (shield currently unavailable)
rNeg    . . .        G - +0 swamp dragon scales
rPois   +            (helmet restricted)
rElec   .            s - +0 cloak
rCorr   .            y - +0 pair of gloves
SInv    .            t - +0 pair of boots
Will    +....        (no amulet)
Stlth   +            l - ring of protection from cold
HPRegen 0.31/turn    C - ring of willpower
MPRegen 0.11/turn

%: no passive effects
@: gold aura, drained
A: horns 2, retaliatory headbutt
a: Renounce Religion, Potion Petition, Call Merchant, Bribe Branch


You were on level 7 of the Dungeon.
You worshipped Gozag.
Gozag was aware of your devotion.
You visited 2 branches of the dungeon, and saw 8 of its levels.

You collected 552 gold pieces.
You paid 91 gold pieces to Gozag.

Inventory:

Hand Weapons
 a - a +0 war axe
 e - a +0 shortbow
 r - a +3 quarterstaff of chaos (weapon)
Armour
 c - a +0 buckler
 s - a +0 cloak (worn)
 t - a +0 pair of boots (worn)
 y - a +0 pair of gloves (worn)
 A - an orb of mayhem
 G - +0 swamp dragon scales (worn)
Jewellery
 l - a ring of protection from cold (left hand)
 C - a ring of willpower (right hand)
 F - a ring of willpower
Talismans
 j - a beast talisman
Wands
 x - a wand of paralysis (19)
Scrolls
 i - a scroll of fog
 k - 4 scrolls of vulnerability
 m - 2 scrolls of blinking
 n - a scroll of immolation
 p - a scroll of torment
 v - a scroll of amnesia
 w - 2 scrolls of noise
 z - 5 scrolls of teleportation
 B - a scroll of fear
 D - a scroll of enchant weapon {unknown}
 E - 4 scrolls of poison {unknown}
Potions
 d - 2 potions of might
 f - 2 potions of haste {unknown}
 g - 3 potions of lignification {unknown}
 o - 4 potions of heal wounds {unknown}
 q - 2 potions of brilliance {unknown}
 u - 2 potions of attraction {unknown}


   Skills:
 + Level 6.2 Fighting
 + Level 4.5 Axes
 + Level 8.9 Staves
 + Level 8.8 Armour
 + Level 4.1 Dodging
 + Level 2.0 Stealth
 + Level 4.4 Shields
 + Level 0.4 Shapeshifting


You had 8 spell levels left.
You didn't know any spells.
Your spell library contained the following spells:

 Spells                   Type           Power      Damage    Failure   Level
 Magic Dart               Conj           0%         1d3       56%         1
 Searing Ray              Conj           0%         2d4       71%         2
 Dazzling Flash           Conj/Hex       0%         N/A       90%         3
 Gell's Gravitas          Tloc           0%         N/A       90%         3
 Mephitic Cloud           Conj/Alch/Air  0%         N/A       90%         3
 Teleport Other           Tloc           0%         N/A       90%         3
 Fulminant Prism          Conj/Alch      0%         3d5       100%        4
 Ignite Poison            Fire/Alch      0%         N/A       100%        4
 Sticky Flame             Fire/Alch      0%         2d4       100%        4
 Vhi's Electric Charge    Tloc/Air       0%         N/A       100%        4
 Arcjolt                  Conj/Air       0%         1d10      100%        5
 Curse of Agony           Necr           0%         N/A       100%        5
 Silence                  Hex/Air        0%         N/A       100%        5
 Dispersal                Tloc           0%         N/A       100%        6
 Malign Gateway           Summ/Tloc      0%         N/A       100%        7
 Ignition                 Fire           0%         3d3       100%        8
 Maxwell's Capacitive Co  Air            0%         ∞         100%        8
 Summon Horrible Things   Summ           0%         N/A       100%        8


Dungeon Overview and Level Annotations

Branches:
Dungeon (7/15)             Temple (1/1) D:5

Altars:
Ashenzari
Cheibriados
Dithmenos
Elyvilon
Fedhas
Gozag
Hepliaklqana
Kikubaaqudgha
Makhleb
Nemelex Xobeh
Okawaru
Qazlal
Ru
Sif Muna
Trog
Uskayaw
Vehumet
Wu Jian
Xom
Yredelemnul
Zin
The Shining One

Shops:
D:1 :


Innate Abilities, Weirdness & Mutations

You have a pair of horns on your head.
You reflexively headbutt those who attack you in melee.


Message History

You feel drained. The wight hits you but does no damage.
You sock the wight!
The wight is almost destroyed.
You closely miss the wight.
The wight is almost destroyed.
The wight hits you from afar with a +4 spear!
The wight hits you but does no damage. The wight barely misses you.
You furiously retaliate!
You headbutt the wight. You hit the wight.
You destroy the wight!
The wight hits you but does no damage. The wight barely misses you.
Your life force feels restored.
You sock the wight!
The wight convulses!
You destroy the wight!
The wight hits you but does no damage.
The wight hits you from afar with a +3 halberd of freezing.
The wight hits you with a +4 spear.
You feel drained.
The wight is distracted by your dazzling golden aura.
There is an open door, spattered with blood here.
Items here: $ ))) [[.
You hit the wight but do no damage. Your headbutt misses the wight.
The wight is no longer distracted by gold.
The wight hits you but does no damage. x2
You barely miss the wight.
The wight is distracted by your dazzling golden aura.
The wight hits you with a +3 halberd of freezing!
* * * LOW HITPOINT WARNING * * *
The wight freezes you.
* * * LOW HITPOINT WARNING * * *
You closely miss the wight.
The wight is no longer distracted by gold.
The wight hits you with a +4 spear.
* * * LOW HITPOINT WARNING * * *
You feel drained.
* * * LOW HITPOINT WARNING * * *
The wight hits you with a +3 halberd of freezing!
* * * LOW HITPOINT WARNING * * *
You feel drained.
You die...
Your body crumbles into a pile of gold.

#............ ..
#......######
..#### #.....)#
....$.# #......#
#......####......#
#................#
#.....####.......#
#.....####.......#
#....z@$$........#
#....z#####......#
#..... #......#
#..... ########
#..... ######


You could see 2 wights.

Vanquished Creatures
  A meliai (D:5)
  Maggie (D:7)
  Prince Ribbit (D:5)
  2 water moccasins
  An ice beast (D:7)
  A black bear (D:7)
  An ogre (D:5)
  A centaur (D:6)
  A phantom (D:6)
  2 kobold brigands
  3 scorpions
  2 wights (D:7)
  A howler monkey (D:5)
  A hound (D:4)
  Crazy Yiuf (D:2)
  3 orc priests
  2 jellies
  8 orc wizards
  9 adders
  A white imp (D:5)
  2 ufetubi (D:7)
  A dart slug (D:3)
  18 orcs
  5 bats
  18 endoplasms
  2 giant cockroaches (D:2)
  7 goblins
  6 hobgoblins
  7 quokkas
  7 ball pythons
  6 frilled lizards
  25 kobolds
  8 rats
155 creatures vanquished.

Notes
Turn   | Place    | Note
-------+----------+-------------------------------------------
     0 | D:1      | Fodor the Minotaur Fighter began the quest for the Orb.
     0 | D:1      | Reached XP level 1. HP: 19/19 MP: 0/0
    27 | D:1      | Found Kaulin's Vocational Training.
   318 | D:1      | Reached XP level 2. HP: 27/27 MP: 1/1
   744 | D:2      | Reached XP level 3. HP: 21/33 MP: 2/2
   887 | D:2      | Found an ornate altar of the Wu Jian Council.
   887 | D:2      | Found a white marble altar of Elyvilon.
   887 | D:2      | Found a sparkling altar of Nemelex Xobeh.
   887 | D:2      | Found a basalt altar of Yredelemnul.
   887 | D:2      | Found a broken altar of Ashenzari.
   887 | D:2      | Found a basalt altar of Yredelemnul.
   902 | D:2      | Reached XP level 4. HP: 20/40 MP: 3/3
  1158 | D:2      | Found a faded altar of an unknown god.
  1965 | D:2      | Found a runed translucent door.
  1966 | D:2      | Noticed Crazy Yiuf
  1972 | D:2      | Killed Crazy Yiuf
  2474 | D:3      | Reached XP level 5. HP: 47/47 MP: 4/4
  2912 | D:3      | Reached skill level 1 in Staves
  2912 | D:3      | Reached skill level 5 in Armour
  2912 | D:3      | Reached XP level 6. HP: 28/53 MP: 5/5
  3160 | D:4      | Reached skill level 1 in Dodging
  3259 | D:4      | Found a basalt altar of Yredelemnul.
  3776 | D:5      | Entered Level 5 of the Dungeon
  3826 | D:5      | Noticed Blork the orc
  3834 | D:5      | Reached XP level 7. HP: 56/60 MP: 6/6
  3839 | D:5      | Blork the orc changed into Blork the meliai
  3839 | D:5      | Noticed Blork
  3841 | D:5      | Killed Blork the meliai
  3842 | D:5      | Reached skill level 5 in Fighting
  3842 | D:5      | Reached skill level 5 in Staves
  3842 | D:5      | Reached skill level 1 in Stealth
  4043 | D:5      | Found a staircase to the Ecumenical Temple.
  4067 | Temple   | Entered the Ecumenical Temple
  4076 | Temple   | Became a worshipper of Gozag Ym Sagoz the Greedy
  4153 | D:5      | Reached XP level 8. HP: 65/68 MP: 7/7
  4444 | D:5      | Noticed Prince Ribbit
  4458 | D:5      | Killed Prince Ribbit
  5694 | D:7      | Noticed Maggie
  5707 | D:7      | Killed Maggie
  5708 | D:7      | Reached XP level 9. HP: 47/75 MP: 8/8
  5852 | D:7      | HP: 2/71 [wight/+3 halberd of freezing (10)]
  5852 | D:7      | Slain by a wight

Illustrated notes

Levels and vault maps discovered:
D:1:      minmay_arrival_hallway, layout_basic, nicolae_shop_vocational
D:2:      cheibrodos_fertilizer, layout_loops_ring,
          ebering_ecumenical_altar_mist, minmay_fountain_box,
          minmay_misc_feat_alley, minmay_diced_spiral, uniq_crazy_yiuf_cottage
D:3:      cheibrodos_thug_alley, layout_basic, amcnicky_mini_pool_small,
          nrook_loot_triangle, kennysheep_generic_room_6
D:4:      layout_cave_pools, amcnicky_altar_gilded
D:5:      layout_basic, minmay_temple_entry_tees, uniq_blork_the_orc,
          uniq_prince_ribbit1
D:6:      layout_basic
D:7:      layout_basic, uniq_maggie
Temple:   compressed_dpeg_triangle_lava_temple

Skill      XL: |  1  2  3  4  5  6  7  8  9 |
---------------+----------------------------+-----
Armour         | 4 5 6 8 |  8.8
Fighting       | 4 5 6 |  6.2
Shields        | 4 |  4.4
Axes           | 3 4 |  4.5
Staves         | 1 3 5 8 |  8.9
Dodging        | 1 2 3 4 |  4.1
Stealth        | 1 2 |  2.0
Shapeshifting  | |  0.4

Action                     |  1- 3 |  4- 6 |  7- 9 || total
---------------------------+-------+-------+-------++-------
  Melee: War axe           |    58 |    51 |       ||   109
         Headbutt          |     5 |    21 |    24 ||    50
         Quarterstaff      |       |    96 |   145 ||   241
    Use: Scroll            |       |       |     9 ||     9
   Stab: Paralysed         |       |     1 |       ||     1
         Confused          |       |       |     1 ||     1
 Armour: Scale mail        |    47 |   149 |    87 ||   283
         Swamp dragon scal |       |       |    44 ||    44
  Dodge: Dodged            |    32 |    85 |    78 ||   195
  Block: Buckler           |    19 |     4 |       ||    23
         Form:             |       |     1 |       ||     1
         Beast             |       |     1 |       ||     1
